 Dungeon Crawl Stone Soup version 0.31-a0-1206-g41278d8d1d (webtiles) character file.

Game seed: 14022086495666677313

166 Dirtsage the Changeling (level 5, -4/34 HPs)
             Began as an Octopode Shapeshifter on Dec 13, 2023.
             Shot with an arrow by a centaur (6 damage)
             ... on level 5 of the Dungeon.
             The game lasted 00:04:05 (2954 turns).

Dirtsage the Changeling (Octopode Shapeshifter)     Turns: 2954, Time: 00:04:05

Health: -4/34      AC:  1    Str: 13    XL:     5   Next: 47%
Magic:  5/5        EV: 13    Int: 13    God:
Gold:   280        SH:  0    Dex: 13    Spells: 4/4 levels left

rFire   . .          .
                       - Unarmed
rCold   . . .        (no shield)
rNeg    . . .        (helmet currently unavailable)
rPois   .            (no amulet)
rElec   .            W - ring of wizardry
rCorr   .            (no ring)
SInv    .            (no ring)
Will    .....        (no ring)
Stlth   ++           (no ring)
HPRegen 0.25/turn    (no ring)
MPRegen 0.09/turn    (no ring)
                     (no ring)

%: wizardry (x1)
@: beast-form
A: beast (slay +2), almost no armour, amphibious, 8 rings, camouflage 1,
gelatinous body 1, (nimble swimmer 1), tentacles
a: Begin Untransformation


You were on level 5 of the Dungeon.
You were a hulking beast.
You visited 1 branch of the dungeon, and saw 5 of its levels.

You collected 280 gold pieces.

Inventory:

Jewellery
 W - a ring of wizardry (left tentacle)
Talismans
 b - a beast talisman
 c - a flux talisman
Wands
 o - a wand of mindburst (19)
Scrolls
 g - 3 scrolls of identify {unknown}
 i - 2 scrolls of vulnerability {unknown}
 j - 3 scrolls of amnesia {unknown}
 k - a scroll of fear {unknown}
 n - a scroll of butterflies {unknown}
Potions
 a - a potion of lignification
 d - 2 potions of haste {unknown}
 e - 2 potions of might {unknown}
 f - a potion of berserk rage {unknown}
 h - a potion of degeneration {unknown}
 l - a potion of curing {unknown}
 m - a potion of attraction {unknown}
 p - a potion of magic {unknown}


   Skills:
 + Level 2.3 Fighting
 + Level 3.0 Dodging
 + Level 3.7 Unarmed Combat
 * Level 4.2 Shapeshifting


You had 4 spell levels left.
You didn't know any spells.
Your spell library was empty.

Dungeon Overview and Level Annotations

Branches:
Dungeon (5/15)
 Temple: D:4-7

Altars:
Elyvilon
Xom

Shops:
D:1 :


Innate Abilities, Weirdness & Mutations

You are a hulking beast.
Your limbs bulge with bestial killing power. (Slay +2)
You cannot wear most types of armour.
You are amphibious.
You can wear up to eight rings at the same time.
Your skin changes colour to match your surroundings (Stealth+).
Your rubbery body absorbs attacks. (AC +1, EV +1)
((You are camouflaged when in or above water. (Stealth+)))
You have tentacles for arms and can constrict up to eight enemies at once.


Message History

You take 1 damage, and have 10/34 hp.
You feel sick.
You are no longer poisoned.
You start resting.
HP restored.
Health restored: 34
There is a stone staircase leading down here.
You climb downwards.
The orc closely misses you. The orc hits you with a +0 dagger.
There is a stone staircase leading up here.
You take 3 damage, and have 31/34 hp.
You bludgeon the orc!
You kill the orc!
Your Dodging skill increases to level 3!
No target in view!
No target in view!
HP restored.
Things that are here:
a +0 leather armour; a +0 club; an orc corpse
p - a fuming clear potion Health restored: 34 An iguana comes into view.
A centaur comes into view.
The centaur shouts!
The centaur wields a +0 orcbow.
The centaur shoots an arrow.
The arrow hits you!
The centaur shoots an arrow.
The arrow barely misses you.
You take 8 damage, and have 26/34 hp.
MASSIVE DAMAGE!!
The centaur shoots an arrow.
The arrow hits you!
Ouch! That really hurt!
* * * LOW HITPOINT WARNING * * *
The centaur shoots an arrow.
The arrow closely misses you.
You take 17 damage, and have 9/34 hp.
MASSIVE DAMAGE!!
The iguana hisses angrily.
The centaur shoots an arrow.
The arrow hits you!
* * * LOW HITPOINT WARNING * * *
An ogre comes into view. It is wielding a +0 giant spiked club.
You take 9 damage, and have 1/34 hp.
MASSIVE DAMAGE!!
The centaur shoots an arrow.
The arrow misses you.
The centaur shoots an arrow.
The arrow hits you.
You die...

....#...##........
....##............
#....##........... .
#......##..c....
..###......###...O..
............#......$
#............l......
##)................
#........h)(........
#........<..........
##................
####.............
#.............#
..............##
.........##.....
..#....... #....
........ .##.


You could see a centaur and an iguana.

Vanquished Creatures
  A hound (D:4)
  5 adders
  A dart slug (D:2)
  4 orcs
  6 endoplasms
  2 giant cockroaches (D:1)
  10 goblins
  3 hobgoblins
  12 jackals
  5 kobolds
  4 quokkas
  7 ball pythons
  8 bats
  4 frilled lizards
  5 rats
77 creatures vanquished.

Notes
Turn   | Place    | Note
-------+----------+-------------------------------------------
     0 | D:1      | Dirtsage the Octopode Shapeshifter began the quest for the
                  | Orb.
     0 | D:1      | Reached XP level 1. HP: 13/13 MP: 1/1
    94 | D:1      | Reached XP level 2. HP: 7/18 MP: 2/2
   178 | D:1      | Found Eqi Zuuqeip's Book Shop.
   828 | D:1      | Reached XP level 3. HP: 21/23 MP: 3/3
  1001 | D:2      | Reached XP level 4. HP: 29/29 MP: 4/4
  1011 | D:2      | Identified the -1 pair of boots "Uklobey" {Regen+ Str+2
                  | Stlth+}
  1819 | D:3      | Found a white marble altar of Elyvilon.
  2085 | D:4      | Reached skill level 4 in Shapeshifting
  2189 | D:4      | Reached XP level 5. HP: 28/34 MP: 5/5
  2379 | D:4      | Found a shimmering altar of Xom.
  2810 | D:5      | Entered Level 5 of the Dungeon
  2946 | D:5      | Noticed a centaur
  2953 | D:5      | HP: 1/34 [centaur/arrow (9)]
  2953 | D:5      | Noticed an ogre
  2954 | D:5      | Shot with an arrow by a centaur

Illustrated notes

Levels and vault maps discovered:
D:1:      eino_arrival_water_star, layout_loops_corners, serial_shops, shop,
          amethyst_killhole
D:2:      layout_rooms
D:3:      layout_basic, mainiacjoe_overflow_tiny_flanked, st_stairs_7,
          nicolae_kite_square_tiling_tiny
D:4:      layout_gridville, mainiacjoe_overflow_six_doors_small
D:5:      wad_pebble_path, layout_cave_pools, minmay_temple_entry_nine_rooms

Skill      XL: |  1  2  3  4  5 |
---------------+----------------+-----
Fighting       | 2 |  2.3
Shapeshifting  | 4 |  4.2
Dodging        | 3 |  3.0
Unarmed Combat | |  3.7

Action                     |  1- 3 |  4- 6 || total
---------------------------+-------+-------++-------
  Melee: Unarmed           |    61 |    78 ||   139
         Constrict         |    18 |    19 ||    37
         Tentacles         |    11 |    14 ||    25
         Punch             |     2 |     2 ||     4
   Stab: Sleeping          |     5 |     4 ||     9
         Distracted        |     1 |       ||     1
 Armour: Skin              |    17 |    36 ||    53
  Dodge: Dodged            |    31 |    51 ||    82

Table legend: (Time is in decaauts)
 A = Elapsed time spent in this place.
 B = Non-inter-level travel time spent in this place.
 C = Inter-level travel time spent in this place.
 D = Time resting spent in this place.
 E = Time spent auto-exploring this place.
 F = Levels seen in this place.
 G = Mean time per level.
                   A        B        C        D        E       F      G
               +--------+--------+--------+--------+--------+-----+--------+
         Total |   2944 |   2870 |     74 |     96 |   2348 |   5 |  588.8 |
       Dungeon |   2944 |   2870 |     74 |     96 |   2348 |   5 |  588.8 |
               +--------+--------+--------+--------+--------+-----+--------+

Top non-repeatable levels by time:
     D:4: 978 daAuts
     D:1: 864 daAuts
     D:2: 546 daAuts
     D:3: 517 daAuts
     D:5: 36 daAuts
